 Dungeon Crawl Stone Soup version 0.28.0-53-g5a82cb258f (webtiles) character file.

Game seed: 14973464108554177897

43227 Nyth the Tortoise (level 13, -3/150 HPs)
             Began as a Minotaur Berserker on Aug 12, 2022.
             Was a Believer of Trog.
             Killed from afar by a starcursed mass (7 damage)
             ... with an accursed screaming
             ... on level 2 of the Abyss.
             The game lasted 00:55:24 (18997 turns).

Nyth the Tortoise (Minotaur Berserker)             Turns: 18997, Time: 00:55:27

Health: -3/150     AC: 24    Str: 18    XL:     13   Next: 89%
Magic:  12/12      EV:  7    Int:  4    God:    Trog [**....]
Gold:   928        SH: 16    Dex: 22    Spells: 12/12 levels left

rFire   . . .      SeeInvis +   d - +2 flail (drain)
rCold   . . .      Faith    .   G - +0 kite shield
rNeg    + + +      Spirit   .   o - +0 plate armour
rPois   .          Reflect  +   (helmet restricted)
rElec   .          Harm     .   (no cloak)
rCorr   .          Rampage  .   q - +1 pair of gloves of Ru's Righteous Fury {Fly rN+++ Str-3 SInv}
Will    .....                   m - +2 pair of boots
Stlth   ..........              p - amulet of reflection
HPRegen 0.35/turn               h - +6 ring of dexterity
MPRegen 0.13/turn               a - +4 ring of slaying

@: berserking (expiring), on fire, flying, glowing, studying Short Blades, very
quick
A: horns 2, retaliatory headbutt, passive freeze, [frail 2]
a: Renounce Religion, Berserk, Trog's Hand


You were on level 2 of the Abyss.
You worshipped Trog.
Trog was pleased with you.
You visited 2 branches of the dungeon, and saw 15 of its levels.
You visited the Abyss 1 time.

You collected 928 gold pieces.

Inventory:

Hand Weapons
 c - a +3 glaive
 d - a +2 flail of draining (weapon)
 D - a +1 mace of protection
 I - a +2 antimagic falchion
 L - a +4 scimitar of flaming
Armour
 k - a +0 plate armour
 m - a +2 pair of boots (worn)
 o - a +0 plate armour (worn)
 q - the +1 pair of gloves of Ru's Righteous Fury (worn) {Fly rN+++ Str-3 SInv}
   (You found it on level 7 of the Dungeon)

   Str:       It affects your strength (-3).
   rN:        It renders you almost immune to negative energy.
   SInv:      It lets you see invisible.
   Fly:       It grants you flight.
 F - +0 acid dragon scales
 G - a +0 kite shield (worn)
 N - a +4 ring mail of fire resistance
Magical Staves
 y - a staff of death
Jewellery
 a - a +4 ring of slaying (right hand)
 h - a +6 ring of dexterity (left hand)
 l - an amulet of faith
 p - an amulet of reflection (around neck)
 w - a ring of willpower
 z - a ring of see invisible
 C - a ring of ice
 E - a +4 ring of evasion
 K - a +4 ring of protection
 M - a ring of magical power
 O - a ring of fire
Wands
 s - a wand of iceblast (6)
 A - a wand of acid (5)
 H - a wand of flame (2)
Scrolls
 b - 7 scrolls of teleportation
 e - 4 scrolls of enchant armour
 g - 3 scrolls of magic mapping
 j - 2 scrolls of enchant weapon
 n - 2 scrolls of fog
 t - 9 scrolls of identify
 v - a scroll of amnesia
 B - 2 scrolls of fear
 J - a scroll of vulnerability
 Q - 2 scrolls of blinking
Potions
 f - 2 potions of ambrosia
 i - 3 potions of lignification
 r - 4 potions of degeneration
 u - 6 potions of flight
 x - 3 potions of mutation
 P - 2 potions of brilliance
Miscellaneous
 R - a condenser vane


   Skills:
 + Level 14.6 Fighting
 * Level 4.0 Long Blades
 - Level 16.5 Maces & Flails
 + Level 17.5 Armour
 + Level 3.9 Dodging
 + Level 2.4 Stealth
 + Level 4.9 Shields


You had 12 spell levels left.
You didn't know any spells.
Your spell library contained the following spells:

 Spells                   Type           Power      Damage    Failure   Level
 Beastly Appendage        Tmut           0%         N/A       100%        1
 Sandblast                Erth           0%         2d4       100%        1
 Summon Small Mammal      Summ           0%         N/A       100%        1
 Passwall                 Tmut/Erth      0%         N/A       100%        2
 Call Canine Familiar     Summ           0%         N/A       100%        3
 Ignite Poison            Fire/Tmut/Pois 0%         N/A       100%        3
 Mephitic Cloud           Conj/Pois/Air  0%         N/A       100%        3
 Spider Form              Tmut/Pois      0%         N/A       100%        3
 Stone Arrow              Conj/Erth      0%         3d7       100%        3
 Freezing Cloud           Conj/Ice/Air   0%         6-21      100%        5


Dungeon Overview and Level Annotations

Branches:
Dungeon (15/15)            Temple (0/1) D:4            Lair (0/6) D:8
    Orc (0/2) D:11         Vaults (0/5) D:13         Depths (1/4) D:15

Altars:
Cheibriados
Elyvilon
Fedhas
Hepliaklqana
Kikubaaqudgha
Makhleb
Nemelex Xobeh
Wu Jian
Xom
Yredelemnul
Beogh

Shops:
D:3 ?   D:4 *   D:8 (   D:11 :

Portals:
Hell: Depths:1
Pandemonium: Depths:1
Trove: D:10 (lose all piety)

Annotations:
D:8 exclusion: oklob sapling
D:11 1 runed translucent door


Innate Abilities, Weirdness & Mutations

You have a pair of horns on your head.
You reflexively headbutt those who attack you in melee.
A frigid envelope surrounds you and freezes all who hurt you.
[You are very frail. (-20% HP)]


Message History

You are covered in liquid flames!
You block the starcursed mass's attack.
You hit the smoke demon.
The smoke demon is lightly wounded.
You are covered in liquid flames!
* * * LOW HITPOINT WARNING * * *
The starcursed mass touches you but does no damage.
The starcursed mass is very cold.
The starcursed mass is lightly damaged.
The starcursed mass shudders and is absorbed by its neighbour.
A starcursed mass splits.
You hit the smoke demon. You headbutt the smoke demon!
The smoke demon is heavily wounded.
You are covered in liquid flames!
* * * LOW HITPOINT WARNING * * *
The smoke demon gestures at you. The sticky flame hits you.
You are covered in liquid flames!
* * * LOW HITPOINT WARNING * * *
You sock the smoke demon!
The smoke demon is severely wounded.
You are covered in liquid flames!
* * * LOW HITPOINT WARNING * * *
The smoke demon hits you but does no damage.
The smoke demon is very cold.
The smoke demon is severely wounded.
You block the smoke demon's attack. x2; You block the starcursed mass's attack.
You hit the smoke demon.
The smoke demon is almost dead.
You are covered in liquid flames!
* * * LOW HITPOINT WARNING * * *
You block the starcursed mass's attack. x2
You sock the smoke demon!
You kill the smoke demon!
That felt strangely unrewarding.
You are covered in liquid flames!
* * * LOW HITPOINT WARNING * * *
A balrug comes into view.
It is wielding a +0 demon whip of venom.
A chorus of shrieks assaults your mind.
You die...

## # . # .# .#.
.. .. .##.## ..#
. ##. .. .###...
...#. ...... ..
...##..... ..
####XX..........
.#...@X....#...
# #2.###X#.....
.# ##.. ##
..#.## #....##
.# .. #....##
.##.#.. #.
..##.## ## #.. .
.. #. .... ##
......## .


You could see 4 starcursed masses and a balrug (wandering).

Vanquished Creatures
  Frances (D:12)
  Snorg (D:10)
  An ettin (D:15)
  4 vault guards (D:13)
  2 hydras
  5 boulder beetles
  A death knight (D:13)
  5 two-headed ogres
  3 centaur warriors
  3 tengu warriors
  A wretched star (Abyss:2)
  A deep troll (D:15)
  A wizard (D:15)
  A flayed ghost (D:9)
  4 deep elf pyromancers
  12 ugly things
  An orc sorcerer (D:15)
  5 cyclopes
  2 manticores
  4 centaur zombies
  2 smoke demons (Abyss:2)
  An orange demon (Abyss:2)
  6 gargoyles (D:10)
  2 komodo dragons (D:8)
  A tengu conjurer (D:15)
  4 efreet
  A meliai (D:11)
  9 trolls
  4 raiju (Abyss:2)
  A hornet (shapeshifter) (D:15)
  2 hornets (D:7)
  2 slime creatures (D:13)
  10 yaks
  Sigmund (D:6)
  A ynoxinul (Abyss:2)
  A shadow (D:9)
  3 wraiths
  2 vampires (D:11)
  A basilisk (D:12)
  A water elemental (Depths:1)
  2 wyverns
  4 vampire mosquitoes (D:12)
  Edmund (D:6)
  4 water moccasins
  2 acid dragons
  A large abomination (Abyss:2)
  A water moccasin (shapeshifter) (D:15)
  3 ice beasts
  A sky beast (D:6)
  5 black bears
  8 orc warriors
  3 necrophages
  3 ogres
  6 centaurs
  A tengu (shapeshifter) (D:11)
  4 phantoms
  A kobold brigand (D:8)
  5 scorpions
  7 bullfrogs
  A wyvern zombie (D:7)
  A water moccasin skeleton (D:5)
  10 killer bees
  A wight (D:9)
  4 howler monkeys
  2 electric eels (D:8)
  2 starcursed masses (Abyss:2)
  4 jellies
  4 hounds
  2 centaur skeletons
  7 orc priests
  4 iguanas
  Terence (D:3)
  10 orc wizards
  2 killer bee zombies
  4 howler monkey zombies
  9 adders
  A shadow imp (D:5)
  2 worms
  2 dart slugs
  46 orcs
  4 bats
  2 endoplasms
  3 giant cockroaches
  7 goblins
  9 hobgoblins
  9 kobolds
  3 quokkas
  11 ball pythons
  3 frilled lizards
  3 rats
348 creatures vanquished.

Vanquished Creatures (others)
  22 fungi
  34 plants
56 creatures vanquished.

Grand Total: 404 creatures vanquished

Notes
Turn   | Place    | Note
-------+----------+-------------------------------------------
     0 | D:1      | Nyth the Minotaur Berserker began the quest for the Orb.
     0 | D:1      | Reached XP level 1. HP: 19/19 MP: 0/0
   654 | D:1      | Reached XP level 2. HP: 25/27 MP: 1/1
   901 | D:1      | Found a faded altar of an unknown god.
  1585 | D:2      | Reached XP level 3. HP: 24/33 MP: 2/2
  1599 | D:2      | Reached skill level 5 in Maces & Flails
  1599 | D:2      | Reached skill level 3 in Armour
  1599 | D:2      | Reached XP level 4. HP: 12/40 MP: 3/3
  1976 | D:2      | Reached ** piety under Trog
  2506 | D:3      | Found Niwicyn's Magic Scroll Emporium.
  2518 | D:3      | Noticed Terence
  2519 | D:3      | Killed Terence
  2545 | D:3      | Reached XP level 5. HP: 47/47 MP: 4/4
  2720 | D:3      | Found a burning altar of Makhleb.
  3036 | D:4      | Found a staircase to the Ecumenical Temple.
  3167 | D:4      | Reached skill level 4 in Armour
  3224 | D:4      | Reached XP level 6. HP: 53/55 MP: 5/5
  3551 | D:4      | Reached skill level 5 in Fighting
  3759 | D:4      | Found Puuru Ihur's Assorted Antiques.
  3764 | D:4      | Reached skill level 5 in Armour
  3766 | D:4      | Reached XP level 7. HP: 60/61 MP: 6/6
  3886 | D:5      | Entered Level 5 of the Dungeon
  3895 | D:5      | Reached *** piety under Trog
  4024 | D:5      | Reached skill level 1 in Stealth
  4363 | D:5      | Found a blossoming altar of Fedhas.
  4404 | D:5      | Found a snail-covered altar of Cheibriados.
  4549 | D:5      | Reached skill level 6 in Armour
  4637 | D:5      | Reached XP level 8. HP: 52/70 MP: 7/7
  5160 | D:6      | Noticed Edmund
  5178 | D:6      | Killed Edmund
  5179 | D:6      | Reached skill level 7 in Armour
  5422 | D:6      | Reached skill level 10 in Maces & Flails
  5469 | D:6      | Identified the +0 scale mail of Nuigula {rPois rF+ Will+
                  | Slay-6}
  5585 | D:6      | Noticed Sigmund
  5588 | D:6      | Reached XP level 9. HP: 79/79 MP: 8/8
  5601 | D:6      | Killed Sigmund
  5602 | D:6      | Reached skill level 8 in Armour
  5623 | D:6      | Gained mutation: A frigid envelope surrounds you and
                  | freezes all who hurt you. [potion of mutation]
  6168 | D:7      | Found a hazy altar of Hepliaklqana.
  6564 | D:7      | Reached skill level 9 in Armour
  7020 | D:7      | Reached skill level 10 in Armour
  7166 | D:7      | Found an ornate altar of the Wu Jian Council.
  7172 | D:7      | Identified the +1 pair of gloves of Ru's Righteous Fury
                  | {Fly rN+++ Str-3 SInv}
  7509 | D:7      | Reached XP level 10. HP: 88/88 MP: 9/9
  7756 | D:8      | Found Faqukh's Antique Weapon Shop.
  7805 | D:8      | Found a staircase to the Lair.
  7818 | D:8      | Reached **** piety under Trog
  7822 | D:8      | Reached skill level 11 in Armour
  7947 | D:8      | Got the Catalogue of Nature
  8037 | D:8      | Noticed a two-headed ogre
  8043 | D:8      | Killed a two-headed ogre
  8806 | D:9      | Noticed a boulder beetle
  8829 | D:9      | Killed a boulder beetle
  8830 | D:9      | Reached skill level 12 in Armour
  8830 | D:9      | Reached XP level 11. HP: 41/99 MP: 10/10
  9271 | D:9      | Reached skill level 10 in Fighting
  9362 | D:9      | Noticed a two-headed ogre
  9369 | D:9      | Killed a two-headed ogre
  9524 | D:9      | Found a shimmering altar of Xom.
  9558 | D:9      | Noticed a two-headed ogre
  9574 | D:9      | Killed a two-headed ogre
  9860 | D:9      | Found a transporter.
  9866 | D:9      | Found a transporter.
  9885 | D:9      | Found a basalt altar of Yredelemnul.
  9889 | D:9      | Noticed a flayed ghost
  9895 | D:9      | Found an ancient bone altar of Kikubaaqudgha.
 10095 | D:9      | Killed a flayed ghost
 10216 | D:10     | Entered Level 10 of the Dungeon
 10320 | D:10     | Found a portal to a secret trove of treasure.
 10337 | D:10     | Noticed Snorg
 10346 | D:10     | Killed Snorg
 10347 | D:10     | Reached skill level 13 in Armour
 11211 | D:10     | Reached ***** piety under Trog
 11336 | D:11     | Noticed a white ugly thing
 11341 | D:11     | Reached XP level 12. HP: 63/112 MP: 11/11
 11350 | D:11     | Found Tian's Book Shop.
 11734 | D:11     | Reached skill level 14 in Armour
 11747 | D:11     | Found a white marble altar of Elyvilon.
 11857 | D:11     | Noticed a boulder beetle
 11868 | D:11     | Noticed a centaur warrior
 11879 | D:11     | Killed a centaur warrior
 11882 | D:11     | Killed a boulder beetle
 11883 | D:11     | Reached skill level 15 in Maces & Flails
 11886 | D:11     | HP: 4/112 [fire elemental[a deep elf pyromancer] (5)]
 12378 | D:11     | Noticed a boulder beetle
 12405 | D:11     | Killed a boulder beetle
 12500 | D:11     | Found a runed translucent door.
 12529 | D:11     | Identified a scroll of acquirement
 12529 | D:11     | Acquired an amulet of reflection
 12554 | D:11     | Noticed an eight-headed hydra
 12556 | D:11     | Reached skill level 15 in Armour
 12560 | D:11     | Killed an eight-headed hydra
 13261 | D:11     | Noticed a two-headed ogre
 13266 | D:11     | Killed a two-headed ogre
 13407 | D:11     | Found a staircase to the Orcish Mines.
 14367 | D:12     | Noticed Frances
 14378 | D:12     | Killed Frances
 15151 | D:12     | Noticed a boulder beetle
 15165 | D:12     | Reached skill level 1 in Shields
 15177 | D:12     | Killed a boulder beetle
 15178 | D:12     | Reached skill level 16 in Armour
 15178 | D:12     | Reached XP level 13. HP: 106/122 MP: 12/12
 15816 | D:12     | Found the +10 zealot's sword {holy, *Rage rN+ EV+3}
 16096 | D:13     | Found a gate to the Vaults.
 17293 | D:13     | Reached skill level 17 in Armour
 17576 | D:13     | You are sucked into a shaft and drop 2 floors!
 17576 | D:15     | Entered Level 15 of the Dungeon
 17641 | D:15     | Reached skill level 1 in Long Blades
 17851 | D:15     | Found a staircase to the Depths.
 18025 | D:15     | Noticed an ettin
 18035 | D:15     | Killed an ettin
 18249 | D:15     | Found a sparkling altar of Nemelex Xobeh.
 18565 | Depths:1 | Entered Level 1 of the Depths
 18565 | Depths:1 | Found a gateway to Hell.
 18857 | Depths:1 | Found a one-way gate leading to the halls of Pandemonium.
 18862 | Depths:1 | Cast into level 2 of the Abyss (a wizard)
 18969 | Abyss:2  | Noticed a starcursed mass
 18979 | Abyss:2  | Paralysed by accursed screaming for 1 turns
 18984 | Abyss:2  | Paralysed by accursed screaming for 1 turns
 18995 | Abyss:2  | HP: 6/150 [burnt (3)]
 18997 | Abyss:2  | Noticed a balrug
 18997 | Abyss:2  | Killed from afar by a starcursed mass

Illustrated notes

Levels and vault maps discovered:
D:1:      elethiomel_arrival_quiet, layout_basic,
          dreamdust_ecumenical_altar_grove
D:2:      cheibrodos_pilgrimage, layout_loops_ring
D:3:      layout_basic, lemuel_tele_altar, serial_shops,
          nicolae_shop_hallway_plus, st_stairs_11, uniq_terence
D:4:      layout_basic, minmay_temple_entry_arrows, nicolae_stop_n_shop_1
D:5:      layout_basic, mainiacjoe_overflow_catch_the_wave, grunt_ministairs_10
D:6:      layout_basic, minmay_misc_feat_square, uniq_edmund, uniq_sigmund
D:7:      minmay_thinvault, layout_gridville,
          mainiacjoe_overflow_small_starburst, lemuel_doored_altar,
          chequers_serial_rivers_small_b
D:8:      layout_gridville, due_lair_maze_entry_diamond, serial_shops,
          nicolae_shop_window_shopping, serial_bayou_ford_a,
          introduction_to_nature_2
D:9:      layout_rooms, dk_xom_monty_hall, gammafunk_temple_of_torment,
          serial_rivers, chequers_serial_rivers_small_a,
          chequers_serial_rivers_micro_d, chequers_serial_rivers_small_a,
          chequers_serial_rivers_micro_a, hangedman_decor_riveting
D:10:     cheibrodos_statue_roulette, layout_loops_ring, special_room
          [special_room_orc], enter_trove_3, uniq_snorg
D:11:     minmay_the_grid_triangle_9x9_recursive_3_mashed
          [minmay_the_grid_triangle_9x9_from_above,
          minmay_the_grid_triangle_9x9_swiss_cheese,
          minmay_the_grid_triangle_9x9_shrine,
          minmay_the_grid_triangle_9x9_prize_center,
          minmay_the_grid_triangle_9x9_subtriangle,
          minmay_the_grid_triangle_9x9_steps,
          minmay_the_grid_triangle_9x9_warning,
          minmay_the_grid_triangle_9x9_pentomino_pain,
          minmay_the_grid_triangle_9x9_limited_checkers], layout_loops_ring,
          serial_shops, shop_fountains, nicolae_elyvilon_peaceful_grove
D:12:     layout_irregular_city, uniq_frances
D:13:     kennysheep_four_of_diamonds, layout_rooms,
          lightli_vaults_fourway_checkpoint, chequers_serial_rivers_room_a,
          vehumet_statue
D:15:     hangedman_depths_entry_civil_slaughter, layout_small_grid,
          nemelex_diamond_rough_becter
Depths:1: layout_cave_pools, nicolae_ru_the_path_less_chosen,
          muffindrake_ghost_three_little_ghosts, pan_entry, hell_entry,
          nicolae_wu_jian_glorious_leap
Abyss:2:  base: D:14, due_exit_kobolds

Skill      XL: |  1  2  3  4  5  6  7  8  9 10 11 12 13 |
---------------+----------------------------------------+-----
Maces & Flails | 4 5 6 7 8 10 12 13 14 15 16 | 16.5
Fighting       | 4 5 7 8 9 11 13 14 | 14.6
Armour         | 3 4 5 6 7 10 12 13 16 17 | 17.5
Dodging        | 3 |  3.9
Stealth        | 1 2 |  2.4
Shields        | 1 4 |  4.9
Long Blades    | 4 |  4.0

Action                   |  1- 3 |  4- 6 |  7- 9 | 10-12 | 13-15 || total
-------------------------+-------+-------+-------+-------+-------++-------
Melee: Mace              |     7 |       |       |       |       ||     7
       Flail             |    41 |    76 |   174 |   397 |   219 ||   907
       Headbutt          |     5 |    11 |    36 |   107 |    67 ||   226
       Punch             |     1 |     1 |       |     3 |     3 ||     8
Invok: Berserk           |       |     1 |     3 |     8 |     7 ||    19
       Trog's Hand       |       |       |     5 |    17 |    13 ||    35
  Use: Scroll            |       |     7 |     4 |     4 |     2 ||    17
       Potion            |       |       |     9 |     8 |     1 ||    18
Armor: Animal skin       |     1 |       |       |       |       ||     1
       Ring mail         |    17 |     9 |       |       |       ||    26
       Plate armour      |       |    36 |   103 |   265 |    73 ||   477
Dodge: Dodged            |    33 |    30 |    61 |   154 |    41 ||   319
Block: Other             |       |       |       |     9 |    10 ||    19
       Reflection        |       |       |       |     1 |     9 ||    10
       Kite shield       |       |       |       |       |    78 ||    78
